 Dungeon Crawl Stone Soup version 0.28.0-53-g5a82cb258f (webtiles) character file.

Game seed: 16259256165331040138

10 Gabide the Stinger (level 2, -2/19 HPs)
             Began as a Formicid Venom Mage on June 12, 2022.
             Slain by a polar bear (4 damage)
             ... created by the rage of Trog
             ... on level 1 of the Dungeon.
             The game lasted 00:01:28 (478 turns).

Gabide the Stinger (Formicid Venom Mage)             Turns: 478, Time: 00:01:29

Health: -2/19      AC:  2    Str: 12    XL:     2   Next: 30%
Magic:  5/5        EV: 12    Int: 14    God:
Gold:   6          SH:  0    Dex: 11    Spells: 4/5 levels left

rFire   . . .      SeeInvis +   b - +0 hand axe
rCold   . . .      Faith    .   (no shield)
rNeg    . . .      Spirit   .   a - +0 robe
rPois   .          Reflect  .   (helmet unavailable)
rElec   .          Harm     .   (no cloak)
rCorr   .          Rampage  .   (no gloves)
Will    .....                   (no boots)
Stlth   ++........              (no amulet)
HPRegen 0.06/turn               (no ring)
MPRegen 0.09/turn               (no ring)

@: no status effects
A: permanent stasis, dig shafts and tunnels, antennae 3, four strong arms
a: Dig, Shaft Self


You were on level 1 of the Dungeon.
You visited 1 branch of the dungeon, and saw 1 of its levels.

You collected 6 gold pieces.

Inventory:

Hand Weapons
 b - a +0 hand axe (weapon)
Armour
 a - a +0 robe (worn)
Potions
 c - a potion of curing {unknown}
 d - a potion of haste {unknown}


   Skills:
 - Level 1.7 Dodging
 - Level 2.4 Stealth
 + Level 2.4 Spellcasting
 + Level 1.6 Transmutations
 + Level 4.3 Poison Magic


You had 4 spell levels left.
You knew the following spells:

 Your Spells              Type           Power      Damage    Failure   Level
a - Sting                 Tmut/Pois      40%        1d5       7%          1

Your spell library contained the following spells:

 Spells                   Type           Power      Damage    Failure   Level
 Poisonous Vapours        Pois/Air       14%        N/A       14%         2
 Mephitic Cloud           Conj/Pois/Air  5%         N/A       36%         3
 Olgreb's Toxic Radiance  Pois           13%        N/A       36%         4


Dungeon Overview and Level Annotations

Branches:
Dungeon (1/15)

Altars:
Trog


Innate Abilities, Weirdness & Mutations

You cannot be hasted, slowed, berserked, paralysed or teleported.
You can dig through walls and to a lower floor.
You have a pair of large antennae on your head. (SInv)
Your four strong arms can wield two-handed weapons with a shield.


Message History

Trog accepts your prayer! Trog welcomes you!
Really renounce your faith, foregoing its fabulous benefits?
Are you sure?
You have lost your religion!
Trog does not appreciate desertion!
d - a red potion
Things that are here:
a +0 dagger; a goblin skeleton
e - a scroll labelled KIF ZONYNEUNAVOEDD You now have 6 gold pieces.
You sense a monster nearby.
A hobgoblin comes into view.
The hobgoblin shouts!
A hobgoblin is nearby!
The sting hits the hobgoblin.
The hobgoblin is poisoned.
The hobgoblin is lightly wounded.
The sting hits the hobgoblin.
The hobgoblin looks even sicker.
The hobgoblin is moderately wounded.
The hobgoblin barely misses you.
The sting hits the hobgoblin.
The hobgoblin looks even sicker.
You kill the hobgoblin!
No target in view!
Trog sends monsters to punish you. 3 polar bears come into view.
There are monsters nearby!
There are monsters nearby!
As you read the scroll labelled KIF ZONYNEUNAVOEDD, it crumbles to dust.
You feel aware of your surroundings.
It was a scroll of magic mapping.
The polar bear rages.
The polar bear barely misses you. x2; The polar bear claws you.
You hear an angry growl.
The polar bear bites you!
* * * LOW HITPOINT WARNING * * *
The polar bear closely misses you. The polar bear barely misses you.
The polar bear bites you.
* * * LOW HITPOINT WARNING * * *
The polar bear barely misses you. x2
The polar bear barely misses you. x2; The polar bear claws you.
You die...

#,,,,,*********,,,*,,**,,****,,,,
.,****,,,,,,,,,,****,**,*** **,,,
#** *,********** *,*,,,,* *,,,,
#*****,********### *,,,,,,* *,,,,
#,,,,,,.,,,,,,,..#***,,,,,***,,,,
#*****.#*******#..,,**,,,,,,,,,,,
######.#########.#*,,,,.,,,,,,,,,
##...............#**,*..,,,,,*,,,
........##*****#@# *,...,,,,,**,,
.........# #h###.#..,,******,
.§.......# #hh....#*,,* *,,,
.........# #....#...,,* *,,,
.§§....(.#######....#**,*,** *,,,
..§§§..............##*,,*,,***,,,
.§§......#######†..#**,***,,**,,,
........## #.#..#*,* **,,,,,,
##.....## #.##....* ****,,,


You could see 3 polar bears.

Vanquished Creatures
  An endoplasm (D:1)
  2 goblins (D:1)
  4 hobgoblins (D:1)
  A kobold (D:1)
8 creatures vanquished.

Notes
Turn   | Place    | Note
-------+----------+-------------------------------------------
     0 | D:1      | Gabide the Formicid Venom Mage began the quest for the Orb.
     0 | D:1      | Reached XP level 1. HP: 13/13 MP: 3/3
   132 | D:1      | Found a faded altar of an unknown god.
   221 | D:1      | Reached XP level 2. HP: 15/19 MP: 1/5
   403 | D:1      | Prayed at the altar of an unknown god.
   403 | D:1      | Became a worshipper of Trog the Wrathful
   403 | D:1      | Reached * piety under Trog
   404 | D:1      | Fell from the grace of Trog
   473 | D:1      | Noticed a polar bear
   473 | D:1      | Noticed a polar bear
   473 | D:1      | Noticed a polar bear
   478 | D:1      | Slain by a polar bear

Illustrated notes

Levels and vault maps discovered:
D:1:      lightli_molten_gateway, layout_rooms, ebering_ecumenical_altar_mist,
          nicolae_wormholes

Action                   || total
-------------------------++-------
Melee: Hand axe          ||     9
       Unarmed           ||     1
 Cast: Sting             ||    15
Invok: Renounce Religion ||     1
  Use: Scroll            ||     1
Armor: Robe              ||     1
Dodge: Dodged            ||    15
